 Dungeon Crawl Stone Soup version 0.29.1-2-gbd0b4ee654 (webtiles) character file.

Game seed: 4015352342800959990

3 qeuew the Gusty (level 1, 0/16 HPs)
             Began as an Ogre Air Elementalist on Nov 11, 2022.
             Slain by a quokka (2 damage)
             ... on level 1 of the Dungeon.
             The game lasted 00:01:11 (63 turns).

qeuew the Gusty (Ogre Air Elementalist)               Turns: 63, Time: 00:01:12

Health: 0/16       AC:  3    Str: 11    XL:     1   Next: 50%
Magic:  1/4        EV:  9    Int: 16    God:
Gold:   0          SH:  0    Dex:  9    Spells: 4/5 levels left

rFire   . . .      SeeInvis .   (no weapon)
rCold   . . .      Faith    .   (no shield)
rNeg    . . .      Spirit   .   a - +0 robe
rPois   .          Reflect  .   (helmet restricted)
rElec   .          Harm     .   (no cloak)
rCorr   .          Rampage  .   (gloves unavailable)
Will    .....                   (boots unavailable)
Stlth   +.........              (no amulet)
HPRegen 0.05/turn               (no ring)
MPRegen 0.09/turn               (no ring)

@: no status effects
A: large, unfitting armour, tough skin 1
a: no special abilities


You were on level 1 of the Dungeon.
You visited 1 branch of the dungeon, and saw 1 of its levels.

Inventory:

Armour
 a - a +0 robe (worn)


   Skills:
 + Level 1.8 Dodging
 + Level 1.4 Stealth
 + Level 2.5 Spellcasting
 + Level 1.0 Conjurations
 + Level 2.7 Air Magic


You had 4 spell levels left.
You knew the following spells:

 Your Spells              Type           Power      Damage    Failure   Level
a - Shock                 Conj/Air       32%        1d5       9%          1

Your spell library contained the following spells:

 Spells                   Type           Power      Damage    Failure   Level
 Static Discharge         Conj/Air       8%         3-4/arc   14%         2
 Swiftness                Air            10%        N/A       19%         3
 Airstrike                Air            5%         2d(1-17)  54%         4


Dungeon Overview and Level Annotations

Branches:
Dungeon (1/15)

Altars:


Innate Abilities, Weirdness & Mutations

You are too large for most types of armour.
You have tough skin. (AC +1)


Message History

The giant cockroach is heavily wounded.
The zap hits the quokka.
The quokka is lightly wounded.
The zap hits the quokka.
The quokka is moderately wounded.
The bat closely misses you. The bat barely misses you.
The giant cockroach bites you but does no damage.
The bat hits you but does no damage. The bat closely misses you.
The giant cockroach bites you but does no damage.
The bat hits you but does no damage. The bat hits you but does no damage.
The bat attacks as you move away! The bat closely misses you. The bat hits you.
* * * LOW HITPOINT WARNING * * *
The bat closely misses you. The bat attacks as you move away!
The bat hits you but does no damage. The bat barely misses you.
Magic courses through your body. The bat hits you but does no damage.
The giant cockroach barely misses you.
Aiming: Shock (safe; 10% risk of failure)
Press: ? - help, Q - select action Shift-Dir - straight line
Okay, then.
The bat closely misses you.
Aiming: Shock (safe; 10% risk of failure)
Press: ? - help, Q - select action Shift-Dir - straight line, f - hobgoblin
Aim: a hobgoblin (68% to hit)
The zap hits the giant cockroach.
The giant cockroach is severely wounded.
The zap hits the bat.
You kill the bat!
The zap hits the hobgoblin.
The hobgoblin is heavily wounded.
The giant cockroach barely misses you.
Aiming: Shock (safe; 9% risk of failure)
Press: ? - help, Q - select action Shift-Dir - straight line, f/p - hobgoblin
Aim: a hobgoblin (heavily wounded, 68% to hit)
The zap misses the giant cockroach.
The zap hits the hobgoblin.
The hobgoblin is almost dead.
The quokka bites you.
You die...

....# ...####
.#####.....###### ...#
.....#......÷...# .÷.##
......#..##.....##
#.....
?........##g.....##
.....
............###g..##...#
...........## #Br.....#
.......##### ##@.....#
.......# #.....##
........ ###<..#
........ ##### .......##
.......# .......#


You could see a quokka, a giant cockroach and a hobgoblin.

Vanquished Creatures
  2 endoplasms (D:1)
  A bat (D:1)
3 creatures vanquished.

Notes
Turn   | Place    | Note
-------+----------+-------------------------------------------
     0 | D:1      | qeuew the Ogre Air Elementalist began the quest for the
                  | Orb.
     0 | D:1      | Reached XP level 1. HP: 16/16 MP: 3/3
    43 | D:1      | Reached skill level 1 in Conjurations
    63 | D:1      | Slain by a quokka

Illustrated notes

Levels and vault maps discovered:
D:1:      amcnicky_arrival_wind_blow, layout_rooms, kennysheep_minor_cross,
          serial_bayou_lake_a

Skill      XL: |  1 |
---------------+----+-----
Conjurations   | 1 |  1.0
Dodging        | |  1.8
Stealth        | |  1.4
Spellcasting   | |  2.5
Air Magic      | |  2.7

Action                   || total
-------------------------++-------
Melee: Unarmed           ||     4
 Cast: Shock             ||     8
  Use: Potion            ||     1
Armor: Robe              ||    12
Dodge: Dodged            ||    15
